 Dungeon Crawl Stone Soup version 0.32-a0-928-g1cae6b7ea0 (webtiles) character file.

Game seed: 1966685953592970192

61754 Mgcat the Thaumaturge (level 14, -2/77 HPs)
             Began as a Felid Summoner on Apr 11, 2024.
             Was a High Priest of Kikubaaqudgha.
             Killed by divine providence
             ... invoked by an orc priest
              (14 damage)
             ... on level 2 of the Orcish Mines on Apr 12, 2024.
             The game lasted 01:36:44 (20738 turns).

Mgcat the Thaumaturge (Felid Summoner)             Turns: 20738, Time: 01:36:44

Health: -2/77      AC:  3    Str:  4    XL:     14   Next: 61%
Magic:  6/32       EV: 23    Int: 30    God:    Kikubaaqudgha [*****.]
Gold:   1633       SH:  5    Dex: 17    Spells: 11/39 levels left
                                        Lives:  0   Deaths: 5

rFire   . . .        (weapon unavailable)
rCold   + + .        (shield unavailable)
rNeg    . . .        (body armour unavailable)
rPois   .            (helmet unavailable)
rElec   .            (cloak unavailable)
rCorr   .            (gloves unavailable)
SInv    +            (boots unavailable)
Will    ++...        y - amulet of reflection
Stlth   +++++        m - +6 ring of intelligence
HPRegen 0.32/turn    x - ring of protection from cold {rC+, !d}
MPRegen 0.23/turn

%: reflection
@: death channelling, animating dead, inugami summoned
A: very small, claws 1, fangs 3, see invisible, shaggy fur 3, stealthy paws, no
weapons or thrown items, no armour, multi-lived
a: Renounce Religion, Unearth Wretches, Torment


You were on level 2 of the Orcish Mines.
You worshipped Kikubaaqudgha.
Kikubaaqudgha was extremely pleased with you.
You visited 4 branches of the dungeon, and saw 19 of its levels.

You collected 1723 gold pieces.
You spent 90 gold pieces at shops.

Inventory:

Missiles
 d - 4 throwing nets {=f, !d}
Jewellery
 l - an amulet of faith {Faith, !P}
   (You found it on level 10 of the Dungeon)
 m - a +6 ring of intelligence (left paw)
   (You found it on level 7 of the Dungeon)
 x - a ring of protection from cold (right paw) {rC+, !d}
   (You found it on level 10 of the Dungeon)
 y - an amulet of reflection (around neck)
   (You found it on level 2 of the Lair of Beasts)
Talismans
 h - a granite talisman
   (You found it on level 3 of the Dungeon)
Wands
 o - a wand of polymorph (8)
   (You found it on level 7 of the Dungeon)
 t - a wand of flame (36)
   (You took it off an orc on level 7 of the Dungeon)
 u - a wand of paralysis (3)
   (You found it on level 9 of the Dungeon)
 v - a wand of roots (9)
   (You found it on level 8 of the Dungeon)
Scrolls
 b - a scroll of teleportation
 c - a scroll of fog
 g - 3 scrolls of fear
 n - a scroll of revelation
 C - a scroll of vulnerability {!r!r}
 E - a scroll of blinking {!r}
Potions
 e - 2 potions of cancellation
 f - 3 potions of curing
 j - a potion of haste
 k - 3 potions of enlightenment
 p - 5 potions of lignification {!q}
 q - a potion of brilliance
 s - 3 potions of might
 z - a potion of ambrosia
 A - a potion of attraction {!q}


   Skills:
 - Level 10.0 Fighting
 - Level 10.0 Dodging
 - Level 10.0 Stealth
 + Level 13.1 Spellcasting
 - Level 11.0 Summonings
 + Level 11.1 Necromancy
 - Level 5.0 Fire Magic
 - Level 5.0 Air Magic
 - Level 5.0 Evocations


You had 11 spell levels left.
You knew the following spells:

 Your Spells              Type           Power      Damage    Failure   Level
a - Summon Small Mammal   Summ           100%       N/A       1%          1
b - Call Imp              Summ           100%       N/A       1%          2
c - Call Canine Familiar  Summ           72%        N/A       1%          3
d - Summon Blazeheart Go  Fire/Summ      61%        N/A       1%          4
e - Summon Lightning Spi  Summ/Air       61%        N/A       1%          4
f - Animate Dead          Necr           72%        N/A       1%          4
g - Death Channel         Necr           36%        N/A       4%          6
h - Martyr's Knell        Necr/Summ      72%        N/A       1%          4

Your spell library contained the following spells:

 Spells                   Type           Power      Damage    Failure   Level
 Kiss of Death            Conj/Necr      100%       2d13      1%          1
 Necrotise                Necr           100%       1d9       1%          1
 Sublimation of Blood     Necr           72%        N/A       1%          2
 Summon Ice Beast         Ice/Summ       51%        N/A       1%          3
 Vampiric Draining        Necr           72%        2d11      1%          3
 Dispel Undead            Necr           72%        3d24      1%          4
 Curse of Agony           Necr           72%        N/A       1%          5
 Apportation              Tloc           38%        N/A       2%          1
 Sting                    Conj/Alch      76%        1d7       2%          1
 Jinxbite                 Hex            38%        N/A       3%          2
 Hailstorm                Conj/Ice       19%        3d7       8%          3
 Sigil of Binding         Hex            19%        N/A       8%          3
 Summon Forest            Summ/Tloc      25%        N/A       8%          5
 Brom's Barrelling Bould  Conj/Erth      19%        2d4       26%         4
 Fulminant Prism          Conj/Alch      9%         3d7       26%         4
 Alistair's Intoxication  Alch           12%        N/A       56%         5
 Permafrost Eruption      Ice/Erth       9%         2x4d3     98%         6
 Sculpt Simulacrum        Ice/Alch       9%         N/A       98%         6
 Dragon's Call            Summ           36%        N/A       100%        9
 Dimensional Bullseye     Hex/Tloc       Unusable   N/A       N/A         4

Dungeon Overview and Level Annotations

Branches:
Dungeon (11/15)            Temple (1/1) D:7            Lair (5/5) D:9
 Shoals (0/4) Lair:3        Snake (0/4) Lair:2        Slime (0/5) Lair:5
    Orc (2/2) D:11            Elf (0/3) Orc:2

Altars:
Ashenzari
Cheibriados
Dithmenos
Elyvilon
Fedhas
Gozag
Hepliaklqana
Kikubaaqudgha
Makhleb
Nemelex Xobeh
Okawaru
Qazlal
Ru
Sif Muna
Trog
Uskayaw
Vehumet
Wu Jian
Xom
Yredelemnul
Zin
The Shining One

Shops:
D:4 [   D:5 :   D:11 ([

Annotations:
D:4 Ijyb
D:9 2 transporters, exclusion: hydra, Lanoc's ghost, novice CoHu
D:10 1 runed translucent door, Konar's ghost, novice CoHu
Lair:1 exclusion: oklob plant


Innate Abilities, Weirdness & Mutations

You have sharp claws.
You have razor-sharp teeth.
You have supernaturally acute eyesight. (SInv)
Your thick and shaggy fur keeps you warm. (AC +3, rC+)
Your paws help you pounce on unaware monsters.
You are incapable of wielding weapons or throwing items.
You cannot wear armour.
You gain extra lives every three experience levels.


Message History

The orc warrior hits your lightning spire with a +0 war axe.
The orc warrior hits your orc wizard zombie with a +0 war axe!
The orc warrior hits your inugami but does no damage.
You block the orc warrior's attack.
The orc priest casts a cantrip, but nothing happens.
Your orc wizard zombie hits the orc warrior but does no damage.
Your orc wizard zombie barely misses the sun demon.
Your spectral orc wizard completely misses the orc warrior.
You now have 9/32 mp.
Warning x2: The orc priest can smite you! x2
Unknown command.
Unknown command.
Unknown command.
Casting: Call Canine Familiar (safe; 1% risk of failure)
Confirm with . or Enter, or press ? or * to list all spells.
You call forth a shade to shield your allies.
You block the sun demon's attack.
The orc priest closely misses your spectral orc wizard.
The orc warrior hits your orc wizard zombie with a +0 war axe.
The orc warrior misses you.
The orc warrior hits your spectral orc wizard with a +0 war axe.
The orc warrior hits your lightning spire but does no damage.
The orc warrior closely misses your inugami.
Your orc wizard zombie hits the orc warrior but does no damage.
Your orc wizard zombie hits the sun demon but does no damage.
Your spectral orc wizard hits the orc warrior but does no damage.
Your inugami hits the orc warrior!
The orc warrior dies!
Kikubaaqudgha accepts your kill.
The dead are walking!
A glowing mist starts to gather...
You now have 6/32 mp.
Warning x2: The orc priest (ally target) can smite you! x2
Unknown command.
Lua error: [string "/dgldir/rcfiles/crawl-git/Mgcat.rc"]:930: invalid capture index Unknown command.
Lua error: [string "/dgldir/rcfiles/crawl-git/Mgcat.rc"]:930: invalid capture index Unknown command.
Lua error: [string "/dgldir/rcfiles/crawl-git/Mgcat.rc"]:930: invalid capture index The orc priest hits your spectral orc wizard with a +0 whip.
The orc closely misses your spectral orc wizard.
An orc sorcerer comes into view.
It is wielding a +0 dagger and wearing a +0 robe of positive energy.
Your orc wizard zombie hits the orc priest but does no damage.
Your orc wizard zombie completely misses the orc priest.
Your spectral orc wizard hits the orc priest but does no damage.
Your spectral orc warrior hits the orc priest!
Warning x3: The orc sorcerer (distracted) can cast Paralyse, Summon Demon, Animate Dead, Bolt of Fire, Bolt of Draining!
The orc priest (ally target) can smite you! x2
Unknown command.
Lua error: [string "/dgldir/rcfiles/crawl-git/Mgcat.rc"]:930: invalid capture index Unknown command.
Lua error: [string "/dgldir/rcfiles/crawl-git/Mgcat.rc"]:930: invalid capture index Unknown command.
Lua error: [string "/dgldir/rcfiles/crawl-git/Mgcat.rc"]:930: invalid capture index Unknown command.
Warning x3: The orc sorcerer (distracted) can cast Paralyse, Summon Demon, Animate Dead, Bolt of Fire, Bolt of Draining!
The orc priest (ally target) can smite you! x2
Unknown command.
Lua error: [string "/dgldir/rcfiles/crawl-git/Mgcat.rc"]:930: invalid capture index What are your orders? t - Meow!
Orders for allies: a - Attack new target. r - Retreat! s - Stop attacking. g - Guard the area. f - Follow me.
Anything else - Cancel.
Gang up on whom?
Press: ? - help, Dir - move target, f - orc priest
Aim: an orc priest, wielding a +1 mace of draining and wearing a +0 chain mail (ally target) Attack!
Your lightning spire disappears in a puff of smoke!
The sun demon hits you!!
You are engulfed in flames!!
Your orc warrior zombie hits the sun demon.
The orc priest hits your spectral orc wizard with a +0 whip.
The orc priest invokes the aid of Beogh against you.
Beogh smites you!
The orc barely misses your spectral orc wizard.
The sun demon barely misses you.
Your spectral orc warrior hits the orc priest but does no damage.
Your inugami misses the sun demon.
Your spectral orc wizard barely misses the orc priest.
You take 52 damage, and have 25/77 hp.
MASSIVE DAMAGE!!
Warning x3: The orc priest can smite you!
The orc priest (ally target) can smite you!
The orc sorcerer can cast Paralyse, Summon Demon, Animate Dead, Bolt of Fire, Bolt of Draining!
Unknown command.
Lua error: [string "/dgldir/rcfiles/crawl-git/Mgcat.rc"]:930: invalid capture index Unknown command.
Lua error: [string "/dgldir/rcfiles/crawl-git/Mgcat.rc"]:930: invalid capture index Your orc priest zombie seems less confused.
Your orc wizard zombie closely misses the orc priest.
The orc priest calls down the wrath of Beogh upon you.
Beogh smites you!
* * * LOW HITPOINT WARNING * * *
The orc hits your spectral orc wizard but does no damage.
The orc sorcerer casts a spell.
Your orc warrior zombie hits the sun demon but does no damage.
Your spectral orc wizard hits the orc.
Your inugami hits the orc priest!
There is a stone staircase leading up here.
You take 14 damage, and have 11/77 hp.
Danger x4: orc priest, neqoxec (summoned), orc priest (ally target), orc sorcerer!
The orc priest barely misses your inugami.
The orc priest mumbles some strange prayers to Beogh against you.
Beogh smites you!
You die...
Kikubaaqudgha rasps: You have failed me!
Welcome... death!

..##... ...#... ...
............. ....
#............ . ....#
#...........# ..
......####..........####..
.......#............##....
.......#.@................
........Z3hW..............
.........§o.....[.........
#.......Z.Z...#.)..)..)...
#.>.Z...ZZ....##.)...).).
###....oo.##.####..))....
#..))#3.#### ###)))...
##..)#o###.### #.))#...
####)###....####.)##..


You could see a sun demon (summoned), a neqoxec (summoned), an orc sorcerer, 2
orc priests, an orc (ally target), a friendly martyred shade (summoned), a
friendly spectral orc warrior (sheltered), a friendly spectral orc wizard
(sheltered), a friendly orc warrior zombie (sheltered), a friendly orc priest
zombie (sheltered), 2 friendly orc wizard zombies and a friendly inugami
(summoned, sheltered).

Vanquished Creatures
  2 hydras (Lair:2)
  A deep troll shaman (Lair:5)
  3 death yaks
  Urug (Lair:1)
  An orc high priest (Orc:1)
  3 skysharks
  An ugly thing (D:10)
  An obsidian bat (Orc:2)
  2 elephants (Lair:5)
  3 black mambas
  3 cane toads
  7 komodo dragons
  A rime drake (Lair:2)
  A troll (Orc:1)
  A polar bear (Lair:5)
  A blink frog (Lair:2)
  A dream sheep (Lair:4)
  A black mamba zombie (Lair:5)
  A wraith (D:10)
  5 yaks
  A basilisk (Lair:4)
  A wyvern (Lair:2)
  2 vampire mosquitoes (D:11)
  A water moccasin (D:7)
  A swamp drake (Lair:2)
  5 orc warriors
  An elephant zombie (Lair:5)
  A black bear (Lair:5)
  A nameless horror (D:5)
  An ogre (D:6)
  A kobold brigand (D:8)
  A bullfrog (Lair:4)
  A killer bee (D:9)
  A polar bear zombie (Lair:5)
  A centaur zombie (D:11)
  A bombardier beetle (D:5)
  2 orc priests (Orc:2)
  5 orc wizards
  2 iguanas (Lair:2)
  A killer bee zombie (D:11)
  2 gnolls (D:7)
  4 orc zombies
  An ufetubus (D:7)
  A ribbon worm (D:5)
  3 orcs
  A bat (D:3)
83 creatures vanquished.

Vanquished Creatures (collateral kills)
  Gastronok (Lair:2)
  A dire elephant (Lair:5)
  Harold (D:10)
  A hydra (Lair:3)
  A catoblepas (Lair:5)
  2 two-headed ogres
  A boulder beetle (D:11)
  9 death yaks
  2 orc high priests (Orc:2)
  An obsidian bat (Orc:2)
  A lindwurm (Lair:4)
  An orc knight (D:10)
  An orc sorcerer (Orc:1)
  A cyclops (D:11)
  9 black mambas
  8 elephants (Lair:5)
  10 cane toads
  2 torpor snails
  11 komodo dragons
  4 rime drakes
  3 polar bears
  2 trolls
  A hornet (D:9)
  17 blink frogs
  6 dream sheep (Lair:4)
  27 yaks
  A wyvern (Lair:3)
  3 wraiths
  A warg (Orc:1)
  2 vampire mosquitoes (D:11)
  2 basilisks
  2 steam dragons
  3 nagas (Lair:2)
  15 water moccasins
  A nameless horror (D:9)
  An ice beast (D:5)
  5 black bears
  2 laughing skulls (D:11)
  13 orc warriors
  2 sky beasts
  11 wolves
  5 ogres
  9 centaurs
  A phantom (D:4)
  9 bullfrogs
  7 scorpions
  5 wights (D:8)
  11 killer bees
  3 howler monkeys
  2 bombardier beetles
  6 jellies
  14 orc priests
  2 hounds
  A gnoll bouda (D:7)
  12 iguanas
  A sleepcap (D:6)
  19 orc wizards
  14 gnolls
  10 adders
  4 ufetubi
  4 dart slugs
  61 orcs
  3 ball pythons
  7 endoplasms
  3 giant cockroaches
  8 goblins
  9 hobgoblins
  2 jackals (D:3)
  10 kobolds
  3 quokkas
  5 bats
  16 frilled lizards
  2 orc zombies (D:11)
  8 rats
464 creatures vanquished.

Vanquished Creatures (others)
  An ogre mage (Orc:1)
  A catoblepas zombie (Lair:5)
  8 death yak zombies
  2 black mamba zombies (Lair:5)
  A warg (Orc:1)
  2 orc warriors (Orc:1)
  3 elephant zombies (Lair:5)
  4 blink frog zombies
  A warg zombie (Orc:1)
  A cyclops zombie (D:11)
  A water moccasin zombie (Lair:5)
  A troll zombie (Orc:1)
  4 wolf zombies
  An electric eel (Lair:2)
  2 black bear zombies (Lair:5)
  An orc wizard (Orc:2)
  3 ogre zombies
  35 orc zombies
  62 blazeheart cores
134 creatures vanquished.

Grand Total: 681 creatures vanquished

Notes
Turn   | Place    | Note
-------+----------+-------------------------------------------
     0 | D:1      | Mgcat the Felid Summoner began the quest for the Orb.
     0 | D:1      | Reached XP level 1. HP: 9/9 MP: 4/4
   222 | D:1      | Reached XP level 2. HP: 13/13 MP: 4/6
   225 | D:1      | Learned a level 2 spell: Call Imp
  1227 | D:1      | HP: 3/13 [adder (4)]
  1251 | D:1      | Reached XP level 3. HP: 10/16 MP: 1/8
  1329 | D:2      | Learned a level 3 spell: Call Canine Familiar
  1355 | D:2      | HP: 3/16 [gnoll/+0 halberd (13)]
  1476 | D:2      | Reached skill level 3 in Spellcasting
  1480 | D:2      | Reached XP level 4. HP: 21/21 MP: 3/9
  1480 | D:2      | Gained a life (2 lives remaining)
  1583 | D:2      | Found a faded altar of an unknown god.
  1594 | D:2      | Reached skill level 5 in Summonings
  2076 | D:3      | Reached XP level 5. HP: 24/24 MP: 7/11
  2175 | D:3      | Found a stormy altar of Qazlal.
  2182 | D:3      | Found a sparkling altar of Nemelex Xobeh.
  2265 | D:3      | Reached skill level 4 in Spellcasting
  2362 | D:3      | Gained mutation: You are covered in thick fur. (AC +2)
                  | [Felid growth]
  2362 | D:3      | Reached XP level 6. HP: 28/28 MP: 6/13
  2564 | D:3      | Reached skill level 6 in Summonings
  2806 | D:4      | Learned a level 4 spell: Summon Blazeheart Golem
  2868 | D:4      | Reached skill level 1 in Fire Magic
  2893 | D:4      | Reached skill level 5 in Spellcasting
  2893 | D:4      | Reached XP level 7. HP: 32/32 MP: 9/15
  3202 | D:4      | Reached skill level 2 in Fire Magic
  3626 | D:4      | Found Vieja's Armour Shop.
  3651 | D:4      | Reached skill level 3 in Fire Magic
  3854 | D:4      | Noticed Ijyb
  4151 | D:5      | Entered Level 5 of the Dungeon
  4393 | D:5      | Reached skill level 7 in Summonings
  4412 | D:5      | Learned a level 4 spell: Summon Lightning Spire
  4425 | D:5      | Found March's Self-Improvement Boutique.
  4502 | D:5      | Found a sacrificial altar of Ru.
  4546 | D:5      | Noticed a nameless horror
  4553 | D:5      | Killed a nameless horror
  4554 | D:5      | Reached XP level 8. HP: 34/36 MP: 3/17
  4663 | D:5      | Reached skill level 4 in Fire Magic
  4921 | D:6      | Reached skill level 6 in Spellcasting
  4927 | D:6      | Reached skill level 5 in Fire Magic
  4932 | D:5      | HP: 8/36 [yak (15)]
  4933 | D:5      | Mangled by a yak
  4933 | D:5      | Lost a life (1 life remaining)
  5021 | D:6      | Reached skill level 8 in Summonings
  5046 | D:6      | Reached skill level 7 in Spellcasting
  5046 | D:6      | Reached XP level 9. HP: 13/39 MP: 3/20
  5046 | D:6      | Gained a life (2 lives remaining)
  5538 | D:6      | Reached skill level 9 in Summonings
  5711 | D:6      | Found a hide-covered altar of Uskayaw.
  5881 | D:6      | Found Zin's Purification Station.
  5882 | D:6      | Found a glowing silver altar of Zin.
  5939 | D:6      | Bought a potion of curing for 90 gold pieces
  6323 | D:7      | Reached skill level 3 in Dodging
  6323 | D:7      | Reached skill level 3 in Stealth
  6331 | D:7      | Reached skill level 1 in Fighting
  6507 | D:7      | Reached skill level 8 in Spellcasting
  6619 | D:7      | Reached skill level 1 in Air Magic
  6877 | D:7      | Found an ancient bone altar of Kikubaaqudgha.
  6960 | D:7      | Found a staircase to the Ecumenical Temple.
  6965 | Temple   | Entered the Ecumenical Temple
  7012 | D:7      | Became a worshipper of Kikubaaqudgha
  7464 | D:8      | Reached skill level 1 in Evocations
  7465 | D:8      | Reached skill level 4 in Stealth
  7467 | D:8      | Reached skill level 2 in Fighting
  7472 | D:8      | Reached skill level 4 in Dodging
  8038 | D:9      | Reached XP level 10. HP: 40/46 MP: 10/23
  8133 | D:9      | Reached skill level 2 in Air Magic
  8163 | D:9      | Reached skill level 2 in Evocations
  8405 | D:9      | Found a transporter.
  8632 | D:9      | Found a hazy altar of Hepliaklqana.
  8637 | D:9      | Found a white marble altar of Elyvilon.
  8691 | D:9      | Reached skill level 5 in Stealth
  8750 | D:9      | Found a transporter.
  8772 | D:9      | Noticed Lanoc's ghost (novice CoHu)
  8772 | D:9      | Noticed a seven-headed hydra
  8793 | D:9      | Reached skill level 3 in Fighting
  8793 | D:9      | Reached skill level 5 in Dodging
  8885 | D:9      | Reached * piety under Kikubaaqudgha
  8885 | D:9      | Received a gift from Kikubaaqudgha
  9000 | D:9      | Found a staircase to the Lair.
  9017 | D:9      | Reached skill level 3 in Evocations
  9381 | D:9      | Noticed a moth of wrath
  9454 | D:9      | Learned a level 4 spell: Animate Dead
  9490 | D:10     | Entered Level 10 of the Dungeon
  9724 | D:10     | Found a burning altar of Makhleb.
  9773 | D:10     | Reached skill level 3 in Air Magic
  9773 | D:10     | Noticed an orc knight
  9777 | D:10     | Reached skill level 1 in Necromancy
  9780 | D:10     | Noticed a two-headed ogre
  9784 | D:10     | Noticed a brown ugly thing
  9788 | D:10     | Killed an orc knight
  9789 | D:10     | Reached skill level 6 in Stealth
  9789 | D:10     | Reached skill level 10 in Summonings
  9792 | D:10     | Killed a brown ugly thing
  9793 | D:10     | Reached skill level 6 in Dodging
  9799 | D:10     | Killed a two-headed ogre
  9800 | D:10     | Reached skill level 4 in Fighting
  9800 | D:10     | Reached skill level 2 in Necromancy
  9800 | D:10     | Reached XP level 11. HP: 45/53 MP: 1/24
  9806 | D:10     | HP: 7/53 [orc warrior/+0 trident (14)]
  9806 | D:10     | Slain by an orc warrior
  9806 | D:10     | Lost a life (1 life remaining)
 10258 | D:10     | Found a radiant altar of Vehumet.
 10394 | D:10     | Found a runed translucent door.
 10395 | D:10     | Noticed Konar's ghost (novice CoHu)
 10475 | D:10     | Reached skill level 7 in Stealth
 10481 | D:10     | Reached skill level 4 in Air Magic
 10485 | D:10     | Reached skill level 9 in Spellcasting
 10894 | D:11     | Reached skill level 7 in Dodging
 10894 | D:11     | Reached skill level 3 in Necromancy
 11303 | D:10     | Noticed Harold
 11309 | D:10     | Killed Harold
 11448 | D:11     | Reached skill level 5 in Fighting
 11643 | D:11     | Reached ** piety under Kikubaaqudgha
 11834 | D:11     | Noticed a boulder beetle
 11851 | D:11     | Killed a boulder beetle
 11884 | D:11     | Noticed a two-headed ogre
 11894 | D:11     | Killed a two-headed ogre
 11895 | D:11     | Reached skill level 8 in Stealth
 12042 | D:11     | Found Xyshai's Armour Shoppe.
 12042 | D:11     | Found a staircase to the Orcish Mines.
 12042 | D:11     | Found Ybiyghu's Weapon Shoppe.
 12100 | D:11     | HP: 7/50 [laughing skull/bolt of negative energy (9)]
 12598 | Lair:1   | Entered Level 1 of the Lair of Beasts
 12625 | Lair:1   | Reached skill level 4 in Necromancy
 12667 | Lair:1   | Noticed an oklob plant
 12723 | Lair:1   | Reached skill level 8 in Dodging
 12734 | Lair:1   | Gained mutation: Your thick and shaggy fur keeps you warm.
                  | (AC +3, rC+) [Felid growth]
 12734 | Lair:1   | Reached XP level 12. HP: 58/60 MP: 7/26
 12734 | Lair:1   | Gained a life (2 lives remaining)
 12914 | Lair:1   | Reached skill level 5 in Air Magic
 13179 | Lair:1   | Reached skill level 6 in Fighting
 13251 | Lair:1   | Noticed Urug
 13263 | Lair:1   | Killed Urug
 13264 | Lair:1   | Reached skill level 9 in Stealth
 13387 | Lair:1   | You fall into a shaft and drop 1 floor!
 13402 | Lair:2   | Reached skill level 11 in Summonings
 13530 | Lair:2   | Noticed a four-headed hydra
 13531 | Lair:2   | Reached skill level 4 in Evocations
 13540 | Lair:2   | Killed a four-headed hydra
 13541 | Lair:2   | Reached skill level 5 in Necromancy
 13547 | Lair:2   | Noticed Gastronok
 13569 | Lair:2   | Killed Gastronok
 13570 | Lair:2   | Reached skill level 9 in Dodging
 13626 | Lair:2   | Noticed a four-headed hydra
 13633 | Lair:2   | Killed a four-headed hydra
 13633 | Lair:2   | Reached *** piety under Kikubaaqudgha
 13633 | Lair:2   | Received a gift from Kikubaaqudgha
 13653 | Lair:2   | Reached skill level 10 in Spellcasting
 13668 | Lair:2   | Reached skill level 10 in Stealth
 13672 | Lair:2   | HP: 15/62 [cane toad (3)]
 13676 | Lair:2   | Reached skill level 5 in Evocations
 13874 | Lair:2   | Found a staircase to the Snake Pit.
 14074 | Lair:2   | Reached skill level 7 in Fighting
 14136 | Lair:2   | Reached skill level 6 in Necromancy
 14158 | Lair:2   | Reached skill level 10 in Dodging
 14393 | Lair:2   | Reached XP level 13. HP: 67/67 MP: 20/28
 14980 | Lair:2   | Learned a level 6 spell: Death Channel
 15171 | Lair:3   | Found a staircase to the Shoals.
 15174 | Lair:3   | Reached **** piety under Kikubaaqudgha
 15834 | Lair:3   | Reached skill level 8 in Fighting
 16049 | Lair:3   | Reached skill level 7 in Necromancy
 16317 | Lair:4   | Upgraded the game from 0.32-a0-921-g04a7ad8e02 to
                  | 0.32-a0-928-g1cae6b7ea0
 16526 | Lair:4   | Reached skill level 11 in Spellcasting
 16650 | Lair:4   | HP: 1/69 [death yak (19)]
 16656 | Lair:4   | Demolished by a death yak
 16656 | Lair:4   | Lost a life (1 life remaining)
 16689 | Lair:4   | Reached skill level 8 in Necromancy
 16725 | Lair:4   | Reached skill level 9 in Fighting
 17379 | Lair:5   | Entered Level 5 of the Lair of Beasts
 17629 | Lair:5   | Identified a scroll of acquirement
 17631 | Lair:5   | Acquired Mgcat's Folio of Trauma and the Mirage
 17695 | Lair:5   | HP: 4/70 [skyshark (22)]
 17696 | Lair:5   | Slain by a skyshark
 17696 | Lair:5   | Lost a life (0 lives remaining)
 17758 | Lair:5   | Reached ***** piety under Kikubaaqudgha
 17821 | Lair:5   | Found a staircase to the Slime Pits.
 17934 | Lair:5   | Reached skill level 9 in Necromancy
 17951 | Lair:5   | Reached XP level 14. HP: 76/76 MP: 24/30
 17951 | Lair:5   | Gained a life (1 life remaining)
 17995 | Lair:5   | Reached skill level 10 in Fighting
 18287 | Lair:5   | Reached skill level 12 in Spellcasting
 18764 | Lair:5   | Reached skill level 10 in Necromancy
 19417 | Orc:1    | Entered Level 1 of the Orcish Mines
 19427 | Orc:1    | HP: 18/77 [warg[an orc high priest] (12)]
 19427 | Orc:1    | HP: 4/77 [orc priest/divine providence (14)]
 19429 | Orc:1    | Killed from afar by an orc high priest
 19429 | Orc:1    | Lost a life (0 lives remaining)
 19491 | Orc:1    | HP: 16/77 [orc warrior/+0 trident of flaming (7)]
 19879 | Orc:1    | You fall into a shaft and drop 1 floor!
 19879 | Orc:2    | Entered Level 2 of the Orcish Mines
 19918 | Orc:2    | HP: 14/77 [orc priest/divine providence (13)]
 19983 | Orc:2    | HP: 17/75 [hell hound[an obsidian bat] (2)]
 19985 | Orc:2    | HP: 8/75 [obsidian bat (9)]
 20071 | Orc:2    | Learned a level 4 spell: Martyr's Knell
 20147 | Orc:2    | Found a staircase to the Elven Halls.
 20174 | Orc:2    | Reached skill level 13 in Spellcasting
 20178 | Orc:2    | HP: 2/77 [hell hound/blast of flame[an obsidian bat] (20)]
 20188 | Orc:2    | HP: 12/77 [orc priest/divine providence (16)]
 20198 | Orc:2    | Reached skill level 11 in Necromancy
 20200 | Orc:2    | HP: 6/77 [orc warrior/arrow (15)]
 20737 | Orc:2    | HP: 11/77 [orc priest/divine providence (14)]
 20738 | Orc:2    | Killed from afar by an orc priest

Illustrated notes

Levels and vault maps discovered:
D:1:      roderic_dead_forest, layout_basic
D:2:      layout_rooms, hellmonk_ecumenical_altar_leap_of_faith,
          chequers_serial_rivers_marsh
D:3:      layout_rooms, minitemple
D:4:      layout_loops_ring, serial_shops, shop, minmay_manual_monstrance,
          uniq_ijyb
D:5:      layout_rooms, nicolae_ru_sacrificial_ziggurat, nicolae_shop_self_help
D:6:      layout_loops_ring, zin_purify, kennysheep_little_box,
          hangedman_minor_gate_pass
D:7:      layout_loops_ring, mainiacjoe_overflow_boulevard, temple_doors_e
D:8:      layout_basic
D:9:      layout_basic, mainiacjoe_overflow_big_doors,
          grunt_lair_entry_orc_guard_hut, gammafunk_ghost_berserking_beasts
D:10:     hangedman_cross_stitches, layout_gridville,
          mainiacjoe_overflow_surrounded_room, marbit_many_paths,
          ebering_ghost_reflecting_pool, uniq_harold
D:11:     layout_cross, orc_david_3, serial_glass, glass_columns_a,
          glass_columns_a, hangedman_decor_clover_reticule
Temple:   nicolae_temple_bog_church
Lair:1:   layout_gridlike, disabler_island, uniq_urug
Lair:2:   lemuel_reptile_caves, layout_misc_corridors,
          guppyfry_snake_entry_garden, uniq_gastronok
Lair:3:   layout_loops_ring, elwin_shoals_entry_rocks, st_stairs_13
Lair:4:   layout_hall_layers, grunt_megastairs_5
Lair:5:   grunt_lair_end_beastmaster, layout_long_grid, slime_entry_1,
          minivault_19, minmay_hedge_maze, grunt_megastairs_4,
          infiniplex_staircase_pool
Orc:1:    layout_caves
Orc:2:    st_orc_mages, layout_diamond_mine

Skill      XL: |  1  2  3  4  5  6  7  8  9 10 11 12 13 14 |
---------------+-------------------------------------------+-----
Spellcasting   | 3 4 5 7 8 9 10 11 13 | 13.1
Summonings     | 5 6 7 8 9 10 11 | 11.0
Fire Magic     | 1 3 5 |  5.0
Dodging        | 4 6 8 10 | 10.0
Stealth        | 4 6 8 10 | 10.0
Fighting       | 2 4 5 7 9 10 | 10.0
Air Magic      | 1 3 4 5 |  5.0
Evocations     | 1 3 5 |  5.0
Necromancy     | 2 4 6 9 11 | 11.1

Action                     |  1- 3 |  4- 6 |  7- 9 | 10-12 | 13-15 || total
---------------------------+-------+-------+-------+-------+-------++-------
  Melee: Unarmed           |       |     5 |     3 |       |     3 ||    11
         Bite              |       |     1 |       |       |       ||     1
   Cast: Summon Small Mamm |    34 |    33 |    17 |    10 |     3 ||    97
         Call Imp          |    14 |    23 |    33 |    16 |    11 ||    97
         Call Canine Famil |     2 |     5 |    37 |    19 |    33 ||    96
         Summon Blazeheart |       |       |    26 |    57 |    48 ||   131
         Summon Lightning  |       |       |     8 |    66 |    67 ||   141
         Animate Dead      |       |       |       |     3 |    21 ||    24
         Death Channel     |       |       |       |       |     9 ||     9
         Martyr's Knell    |       |       |       |       |     9 ||     9
 Invoke: Unearth Wretches  |       |       |       |       |     2 ||     2
         Torment           |       |       |       |       |     1 ||     1
  Evoke: Wand              |       |       |       |     1 |     4 ||     5
    Use: Scroll            |       |       |    11 |     8 |    10 ||    29
         Potion            |       |       |       |     2 |     6 ||     8
   Stab: Invisible         |       |       |       |       |     1 ||     1
 Armour: Skin              |    15 |    10 |    28 |    57 |    86 ||   196
  Dodge: Dodged            |    34 |    23 |    55 |   143 |   132 ||   387
  Block: Other             |       |       |       |       |    28 ||    28
         Reflection        |       |       |       |       |     2 ||     2

Table legend: (Time is in decaauts)
 A = Elapsed time spent in this place.
 B = Non-inter-level travel time spent in this place.
 C = Inter-level travel time spent in this place.
 D = Time resting spent in this place.
 E = Time spent auto-exploring this place.
 F = Levels seen in this place.
 G = Mean time per level.
                   A        B        C        D        E       F      G
               +--------+--------+--------+--------+--------+-----+--------+
         Total |  20782 |  19755 |   1027 |   1669 |  13852 |  19 | 1093.8 |
       Dungeon |  12677 |  11874 |    803 |    859 |   8610 |  11 | 1152.5 |
        Temple |     21 |     17 |      4 |      0 |      0 |   1 |   21.0 |
          Lair |   6762 |   6560 |    202 |    605 |   4516 |   5 | 1352.4 |
  Orcish Mines |   1321 |   1304 |     17 |    205 |    726 |   2 |  660.5 |
               +--------+--------+--------+--------+--------+-----+--------+

Top non-repeatable levels by time:
    D:10: 2070 daAuts
  Lair:5: 1901 daAuts
  Lair:2: 1694 daAuts
     D:9: 1546 daAuts
  Lair:3: 1421 daAuts
     D:1: 1348 daAuts
     D:4: 1344 daAuts
     D:6: 1316 daAuts
     D:7: 1145 daAuts
    D:11: 1044 daAuts
   Orc:1: 951 daAuts
  Lair:4: 944 daAuts
     D:3: 943 daAuts
  Lair:1: 799 daAuts
     D:5: 755 daAuts

Levels and vault maps discovered:
D:1:      roderic_dead_forest, layout_basic
D:2:      layout_rooms, hellmonk_ecumenical_altar_leap_of_faith,
          chequers_serial_rivers_marsh
D:3:      layout_rooms, minitemple
D:4:      layout_loops_ring, serial_shops, shop, minmay_manual_monstrance,
          uniq_ijyb
D:5:      layout_rooms, nicolae_ru_sacrificial_ziggurat, nicolae_shop_self_help
D:6:      layout_loops_ring, zin_purify, kennysheep_little_box,
          hangedman_minor_gate_pass
D:7:      layout_loops_ring, mainiacjoe_overflow_boulevard, temple_doors_e
D:8:      layout_basic
D:9:      layout_basic, mainiacjoe_overflow_big_doors,
          grunt_lair_entry_orc_guard_hut, gammafunk_ghost_berserking_beasts
D:10:     hangedman_cross_stitches, layout_gridville,
          mainiacjoe_overflow_surrounded_room, marbit_many_paths,
          ebering_ghost_reflecting_pool, uniq_harold
D:11:     layout_cross, orc_david_3, serial_glass, glass_columns_a,
          glass_columns_a, hangedman_decor_clover_reticule
Temple:   nicolae_temple_bog_church
Lair:1:   layout_gridlike, disabler_island, uniq_urug
Lair:2:   lemuel_reptile_caves, layout_misc_corridors,
          guppyfry_snake_entry_garden, uniq_gastronok
Lair:3:   layout_loops_ring, elwin_shoals_entry_rocks, st_stairs_13
Lair:4:   layout_hall_layers, grunt_megastairs_5
Lair:5:   grunt_lair_end_beastmaster, layout_long_grid, slime_entry_1,
          minivault_19, minmay_hedge_maze, grunt_megastairs_4,
          infiniplex_staircase_pool
Orc:1:    layout_caves
Orc:2:    st_orc_mages, layout_diamond_mine

Table legend: (Time is in decaauts)
 A = Elapsed time spent in this place.
 B = Non-inter-level travel time spent in this place.
 C = Inter-level travel time spent in this place.
 D = Time resting spent in this place.
 E = Time spent auto-exploring this place.
 F = Levels seen in this place.
 G = Mean time per level.
                   A        B        C        D        E       F      G
               +--------+--------+--------+--------+--------+-----+--------+
         Total |  20782 |  19755 |   1027 |   1669 |  13852 |  19 | 1093.8 |
       Dungeon |  12677 |  11874 |    803 |    859 |   8610 |  11 | 1152.5 |
        Temple |     21 |     17 |      4 |      0 |      0 |   1 |   21.0 |
          Lair |   6762 |   6560 |    202 |    605 |   4516 |   5 | 1352.4 |
  Orcish Mines |   1321 |   1304 |     17 |    205 |    726 |   2 |  660.5 |
               +--------+--------+--------+--------+--------+-----+--------+

Top non-repeatable levels by time:
    D:10: 2070 daAuts
  Lair:5: 1901 daAuts
  Lair:2: 1694 daAuts
     D:9: 1546 daAuts
  Lair:3: 1421 daAuts
     D:1: 1348 daAuts
     D:4: 1344 daAuts
     D:6: 1316 daAuts
     D:7: 1145 daAuts
    D:11: 1044 daAuts
   Orc:1: 951 daAuts
  Lair:4: 944 daAuts
     D:3: 943 daAuts
  Lair:1: 799 daAuts
     D:5: 755 daAuts

Table legend:
 A = Kills in this place as a percentage of kills in the entire game.
 B = Kills by you in this place as a percentage of kills by you in the entire game.
 C = Kills by friends in this place as a percentage of kills by friends in the entire game.
 D = Other kills in this place as a percentage of other kills in the entire game.
 E = Experience gained in this place as a percentage of experience gained in the entire game.
 F = Experience gained in this place divided by the number of levels of this place that you have seen.
                   A       B       C       D       E      F
               +-------+-------+-------+-------+-------+----------------------
         Total | 100.0 | 100.0 | 100.0 | 100.0 | 100.0 | 4643.2
       Dungeon |  50.1 |  32.9 |  52.9 |   0.0 |  22.5 | 1806.4
          Lair |  35.5 |  49.3 |  33.4 |   0.0 |  68.4 | 12064.8
  Orcish Mines |  14.4 |  17.8 |  13.7 | 100.0 |   9.1 | 4013.5
               +-------+-------+-------+-------+-------+----------------------
